 Dungeon Crawl Stone Soup version 0.30-a0-967-g9b59a09336 (webtiles) character file.

Game seed: 15616651881977908004

105 Grim the Cudgeller (level 4, -1/48 HPs)
             Began as an Ogre Gladiator on Mar 31, 2023.
             Slain by an orc
             ... wielding a +0 flail
              (10 damage)
             ... on level 2 of the Dungeon.
             The game lasted 00:02:26 (1741 turns).

Grim the Cudgeller (Ogre Gladiator)                 Turns: 1741, Time: 00:02:28

Health: -1/48      AC:  3    Str: 20    XL:     4   Next: 81%
Magic:  4/4        EV: 10    Int:  9    God:
Gold:   132        SH:  0    Dex: 10    Spells: 3/3 levels left

rFire   . . .      SeeInvis .    a - +0 flail
rCold   . . .      Faith    .    (no shield)
rNeg    . . .      Spirit   .    b - +0 robe
rPois   +          Reflect  .    c - +0 hat
rElec   .          Rampage  .    (no cloak)
rCorr   .                        (gloves unavailable)
Will    .....                    (boots unavailable)
Stlth   +                        (no amulet)
HPRegen 0.28/turn                l - ring of poison resistance
MPRegen 0.09/turn                (no ring)

@: no status effects
A: large, unfitting armour, tough skin 1
a: no special abilities


You were on level 2 of the Dungeon.
You visited 1 branch of the dungeon, and saw 3 of its levels.

You collected 132 gold pieces.

Inventory:

Hand Weapons
 a - a +0 flail (weapon)
Missiles
 d - 2 throwing nets (quivered)
 e - a large rock
Armour
 b - a +0 robe (worn)
 c - a +0 hat (worn)
Jewellery
 l - a ring of poison resistance (left hand)
Scrolls
 h - a scroll of enchant armour {unknown}
 i - a scroll of blinking {unknown}
 j - 2 scrolls of vulnerability {unknown}
 m - 2 scrolls of identify {unknown}
Potions
 f - a potion of curing {unknown}
 g - a potion of flight {unknown}
 k - a potion of brilliance {unknown}


   Skills:
 + Level 4.2 Fighting
 * Level 4.3 Maces & Flails
 - Level 2.0 Throwing
 - Level 2.6 Dodging


You had 3 spell levels left.
You didn't know any spells.
Your spell library was empty.

Dungeon Overview and Level Annotations

Branches:
Dungeon (3/15)

Altars:
Elyvilon


Innate Abilities, Weirdness & Mutations

You are too large for most types of armour.
You have tough skin. (AC +1)


Message History

The orc priest casts a cantrip, but nothing happens.
You closely miss the orc priest.
The orc priest is almost dead.
The orc priest hits you with a +0 hand axe.
You sock the orc priest!
You kill the orc priest!
The orc hits you with a +2 dagger of venom.
You hit the orc but do no damage. The orc barely misses you.
You closely miss the orc.
The orc hits you with a +2 dagger of venom.
You are poisoned.
You hit the orc but do no damage.
You feel very sick.
The orc hits you with a +2 dagger of venom.
You barely miss the orc.
You feel sick.
The orc hits you with a +2 dagger of venom.
* * * LOW HITPOINT WARNING * * *
You hit the orc but do no damage. You punch the orc, but do no damage.
You feel sick. The orc closely misses you.
You barely miss the orc.
You feel sick. The orc hits you with a +0 flail.
* * * LOW HITPOINT WARNING * * *
You hit the orc but do no damage.
You feel sick. The orc hits you with a +0 flail.
* * * LOW HITPOINT WARNING * * *
You closely miss the orc.
You feel sick. The orc hits you but does no damage.
You feel sick. The orc attacks as you move away!
The orc hits you with a +0 flail!
* * * LOW HITPOINT WARNING * * *
You feel sick.
You are no longer poisoned.
There is a stone staircase leading up here.
You climb upwards.
There is a stone staircase leading down, spattered with blood here.
Throw: 3 throwing nets
Press: ? - help, Q - select action, (/) - cycle Shift-Dir - straight line, f - orc
Aim: an orc, wielding a +0 flail (59% to hit)
You throw a throwing net.
The throwing net closely misses the orc.
The orc hits you with a +0 flail!
You die...

#.....# #.#.#.#####.
#.....# #...#.### #.
#.....# ###.#...# #.
#.....# #..##.# #.
#.....# #..##.###.
#.....# #......##.
#.....### #.##....#.
#.......# #.####....
#.....#@### #.#
##... ##########)o.#
##.# ##.. #......#
###.####.†# #..
#......# #.......#
#.. #......#
###.....# #..
#......########....#
#..
#..................#
#..
##############...(.#
#.. ##....## ###.#


You could see an orc.

Vanquished Creatures
  An orc priest (D:3)
  3 gnolls
  An orc (D:2)
  4 bats
  6 endoplasms
  2 goblins (D:2)
  3 hobgoblins (D:1)
  4 jackals (D:2)
  4 quokkas (D:1)
  4 ball pythons
  6 frilled lizards
  A kobold (D:3)
  6 rats
45 creatures vanquished.

Notes
Turn   | Place    | Note
-------+----------+-------------------------------------------
     0 | D:1      | Grim the Ogre Gladiator began the quest for the Orb.
     0 | D:1      | Reached XP level 1. HP: 22/22 MP: 1/1
   111 | D:1      | Reached XP level 2. HP: 15/31 MP: 2/2
   596 | D:1      | Reached XP level 3. HP: 37/37 MP: 3/3
  1103 | D:2      | Reached XP level 4. HP: 48/48 MP: 4/4
  1104 | D:2      | Found a white marble altar of Elyvilon.
  1741 | D:2      | Slain by an orc

Illustrated notes

Levels and vault maps discovered:
D:1:      ncdulo_smallfort, layout_loops_cross, chequers_serial_rivers_small_b
D:2:      layout_rooms, basic_altar
D:3:      layout_loops_ring, dk_noncrumbling_3

Skill      XL: |  1  2  3  4 |
---------------+-------------+-----
Maces & Flails | 3 4 |  4.3
Fighting       | 3 4 |  4.2
Throwing       | |  2.0
Dodging        | |  2.6

Action                     |  1- 3 |  4- 6 || total
---------------------------+-------+-------++-------
  Melee: Flail             |    87 |    49 ||   136
         Punch             |     2 |     1 ||     3
  Throw: Throwing net      |       |     1 ||     1
 Armour: Robe              |    26 |    11 ||    37
  Dodge: Dodged            |    50 |    28 ||    78

Table legend: (Time is in decaauts)
 A = Elapsed time spent in this place.
 B = Non-inter-level travel time spent in this place.
 C = Inter-level travel time spent in this place.
 D = Time resting spent in this place.
 E = Time spent auto-exploring this place.
 F = Levels seen in this place.
 G = Mean time per level.
                   A        B        C        D        E       F      G
               +--------+--------+--------+--------+--------+-----+--------+
         Total |   1774 |   1749 |     25 |    363 |    991 |   3 |  591.3 |
       Dungeon |   1774 |   1749 |     25 |    363 |    991 |   3 |  591.3 |
               +--------+--------+--------+--------+--------+-----+--------+

Top non-repeatable levels by time:
     D:1: 885 daAuts
     D:2: 740 daAuts
     D:3: 148 daAuts
